 Seeded DCSS version 0.30-a0-956-gcec3b41aec (webtiles) character file.

Game seed: 3125986916090331667 (custom seed)

4 Parcival the Sneak (level 1, 0/12 HPs)
             Began as a Kobold Brigand on Mar 29, 2023.
             Slain by a kobold
             ... wielding a +0 whip
              (3 damage)
             ... on level 1 of the Dungeon.
             The game lasted 00:00:25 (108 turns).

Parcival the Sneak (Kobold Brigand)                  Turns: 108, Time: 00:00:25

Health: 0/12       AC:  3    Str:  8    XL:     1   Next: 66%
Magic:  1/1        EV: 14    Int: 18    God:
Gold:   0          SH:  0    Dex: 16    Spells: 0/0 levels left

rFire   . . .      SeeInvis .    a - +2 dagger
rCold   . . .      Faith    .    (no shield)
rNeg    . . .      Spirit   .    b - +0 robe
rPois   .          Reflect  .    (no helmet)
rElec   .          Rampage  .    c - +0 cloak
rCorr   .                        (no gloves)
Will    .....                    (no boots)
Stlth   ++++                     (no amulet)
HPRegen 0.22/turn                f - +6 ring of intelligence
MPRegen 0.07/turn                (no ring)

@: no status effects
A: small, no large weapons, nightstalker 3
a: no special abilities


You were on level 1 of the Dungeon.
You visited 1 branch of the dungeon, and saw 1 of its levels.

Inventory:

Hand Weapons
 a - a +2 dagger (weapon)
Missiles
 d - 9 poisoned darts (quivered)
 e - 3 curare-tipped darts
Armour
 b - a +0 robe (worn)
 c - a +0 cloak (worn)
Jewellery
 f - a +6 ring of intelligence (left hand)


   Skills:
 + Level 2.3 Fighting
 + Level 2.7 Short Blades
 + Level 2.2 Throwing
 + Level 1.2 Dodging
 + Level 5.5 Stealth


You couldn't memorise any spells.
You didn't know any spells.
Your spell library was empty.

Dungeon Overview and Level Annotations

Branches:
Dungeon (1/15)

Altars:


Innate Abilities, Weirdness & Mutations

You are small and have problems with some larger weapons.
You are completely attuned to the shadows.


Message History

Found a ring mail.
Found an escape hatch in the floor.
A ball python comes into view.
There is an escape hatch in the floor here.
The ball python closely misses you. The ball python grabs you.
The ball python constricts you.
You escape the ball python's grasp.
The ball python closely misses you. x2
You completely miss the ball python. The ball python closely misses you. x2
You hit the ball python but do no damage.
The ball python bites you. The ball python closely misses you.
You barely miss the ball python.
The ball python bites you but does no damage.
The ball python grabs you. The ball python constricts you.
You barely miss the ball python.
The ball python bites you but does no damage.
The ball python constricts you.
You hit the ball python.
You kill the ball python!
HP restored.
A kobold comes into view. It is wielding a +0 whip.
The kobold shouts!
A kobold is nearby!
A kobold is nearby!
The kobold closely misses you.
A rat comes into view.
The kobold barely misses you. The kobold hits you with a +0 whip.
The kobold barely misses you. The kobold barely misses you.
The kobold barely misses you. The kobold hits you with a +0 whip.
The kobold hits you with a +0 whip. The kobold hits you but does no damage.
The kobold hits you with a +0 whip. The kobold barely misses you.
The kobold misses you. The kobold hits you with a +0 whip.
* * * LOW HITPOINT WARNING * * *
The kobold hits you with a +0 whip.
You die...

#..........#
##..#...##.# .#
####.###..##.##.#
#...## ##.>.....#
#.##.###..##.#.####
#.###.#.#.##.......
#..###.##.####.####
##.# ####.####.##..
#@# ......##.. #K#
.....###.. #r#
.[......). #..
.....###.# ###
.....# #.. ######
#.. ### ### ...


You could see a kobold and a rat.

Vanquished Creatures
  An endoplasm (D:1)
  A ball python (D:1)
  2 goblins (D:1)
4 creatures vanquished.

Notes
Turn   | Place    | Note
-------+----------+-------------------------------------------
     0 | D:1      | Parcival the Kobold Brigand began the quest for the Orb.
     0 | D:1      | Reached XP level 1. HP: 12/12 MP: 1/1
    21 | D:1      | Identified a scroll of acquirement
    21 | D:1      | Acquired a +6 ring of intelligence
   108 | D:1      | Slain by a kobold

Illustrated notes

Levels and vault maps discovered:
D:1:      amcnicky_arrival_single_pillar, layout_loops_cross,
          hangedman_glass_garden

Action                     || total
---------------------------++-------
  Melee: Dagger            ||    11
    Use: Scroll            ||     1
 Armour: Robe              ||     6
  Dodge: Dodged            ||    15

Table legend: (Time is in decaauts)
 A = Elapsed time spent in this place.
 B = Non-inter-level travel time spent in this place.
 C = Inter-level travel time spent in this place.
 D = Time resting spent in this place.
 E = Time spent auto-exploring this place.
 F = Levels seen in this place.
 G = Mean time per level.
                   A        B        C        D        E       F      G
               +--------+--------+--------+--------+--------+-----+--------+
         Total |    106 |    106 |      0 |      0 |     33 |   1 |  106.0 |
       Dungeon |    106 |    106 |      0 |      0 |     33 |   1 |  106.0 |
               +--------+--------+--------+--------+--------+-----+--------+

Top non-repeatable levels by time:
     D:1: 106 daAuts
